[Event "*** Titled Tuesday Blitz"]
[Site "Chess.com"]
[Date "2019.01.01"]
[Round "9"]
[White "esteban062000"]
[Black "JSMastropiero"]
[Result "0-1"]
[WhiteElo "2175"]
[BlackElo "2282"]
[TimeControl "180+2"]
[EndTime "15:09:02 PST"]
[Termination "JSMastropiero won by checkmate"]

1. Nf3 Nf6 2. c4 g6 3. b4 Bg7 4. Bb2 O-O 5. g3 d6 6. Bg2 e5 7.
O-O a5 8. b5 Nbd7 9. Nc3 Nc5 10. d4 exd4 11. Nxd4 Re8 12. Re1 Rb8 13. Qd2 h5 14. Nd5 Nfe4 15. Qc2 Bd7 16. f3 Ng5 17. h4 Nh7 18. e4 c6 19. Nf4 Qe7 20. Rad1 Be5 21.
Nde2 Rbd8 22. Bxe5 dxe5 23. Nd3 Nf8 24. bxc6 bxc6 25. Qc3 Nxd3 26. Rxd3 Qc5+ 27. Kh2 Be6 28. Rc1 Rb8 29. Qa3 Qf2 30. Rd2 Red8 31. Rdc2 Nd7 32.
Qxa5 Nc5 33. Qe1 Qe3 34. Qc3 Rd3 35. Qa5 Nd7 36. Qc7 Ra8 37. Qxc6 Raa3 38. Qc8+ Nf8 39. Qb7 g5 40. hxg5 h4 41. g6 Nxg6 42. Qb8+ Kg7 43.
Qb2 hxg3+ 44. Kxg3 Qg5+ 45. Kf2 Nh4 46. f4 Qxg2+ 47. Ke1 Nf3# 0-1

[Event "*** Titled Tuesday Blitz"]
[Site "Chess.com"]
[Date "2019.01.01"]
[Round "9"]
[White "vovachesss"]
[Black "itisabigworld"]
[Result "1-0"]
[WhiteElo "2488"]
[BlackElo "2365"]
[TimeControl "180+2"]
[EndTime "15:09:03 PST"]
[Termination "vovachesss won by resignation"]

1. Nf3 b6 2. b3 Bb7 3. Bb2 c5 4. e3 e6 5. d4 Nf6 6. Nbd2 d5 7.
Bd3 Bd6 8. O-O O-O 9. Qe2 Nbd7 10. e4 dxe4 11. Nxe4 Nxe4 12. Bxe4 Bxe4 13. Qxe4 Nf6 14.
Qe2 cxd4 15. Nxd4 a6 16. Rad1 Qc7 17. Nxe6 Bxh2+ 18. Kh1 Qe7 19. Kxh2 fxe6 20. Rfe1 Rae8 21. Kg1 Nd5 22. Rxd5 Qc7 23. Rg5 Rf7 24. Qe5 Qd7 25. Re3 h6 26. Rg6 Rc8 27. Reg3 Rc7 28. Rxh6 Qd2 29. Qh5 Qxf2+ 30. Kh2 Qxg3+ 31. Kxg3 gxh6 32. Qxh6 Rh7 33. Qxe6+ Kf8 34. Be5 Rcf7 35. Qxb6 Ke8 36. Qxa6 Re7 37. Qc8+ Kf7 38. Qf5+ Ke8 39. c4 Rd7 40. c5 Rhf7 41. Qe6+ Kf8 42. Qh6+ Ke8 43. Qh8+ Rf8 44. Qh5+ Rdf7 45. c6 Rg8+ 46. Kh2 Ke7 47. c7 Ke6 48. Qh3+ Rf5 49. Qc3 Rh5+ 50. Kg1 Kd7 51.
Qd3+ Kc8 52. Qa6+ Kd7 53. Qd6+ Kc8 54. Qe6+ Kb7 55. Qxg8 1-0

[Event "*** Titled Tuesday Blitz"]
[Site "Chess.com"]
[Date "2019.01.01"]
[Round "9"]
[White "Kurai"]
[Black "andante"]
[Result "1/2-1/2"]
[WhiteElo "2505"]
[BlackElo "2313"]
[TimeControl "180+2"]
[EndTime "15:09:03 PST"]
[Termination "Game drawn by agreement"]

1. e4 g6 2. d4 Bg7 3. c4 d6 4.
Nf3 Nf6 5. Nc3 O-O 6. Be2 e5 7. O-O Nc6 8. d5 Ne7 9. Ne1 Nd7 10. Be3 f5 11. f3 f4 12. Bf2 g5 13. Nd3 Nf6 14. Rc1 h5 15. c5 g4 16. cxd6 cxd6 17. Nb5 g3 18. hxg3 fxg3 19. Be3 Ne8 20. f4 Bd7 21. Nxd6 Nxd6 22. fxe5 Nxe4 23. Rxf8+ Qxf8 24. d6 Nf5 25. Bf4 Be6 26. Bf3 Nf2 27. Nxf2 gxf2+ 28. Kxf2 Nxd6 29. Qxd6 Qxf4 30. Qxe6+ Kh8 31.
Rc8+ Rxc8 32. Qxc8+ Kh7 33. Qc2+ Kh6 34. Qe4 Qxe5 35.
Qxe5 Bxe5 36. b3 b6 37. Ke3 Kg5 38. Ke4 Bc3 39. Kd5 a5 40. Kc4 Be1 41. Kd5 h4 42.
Ke4 Bf2 43. Ke5 Bc5 44. Bd5 Ba3 45. Be6 Bc5 46. Bh3 Ba3 47. Kd5 Bc5 48. Kc6 Kf4 49.
Kd5 Ke3 1/2-1/2

[Event "*** Titled Tuesday Blitz"]
[Site "Chess.com"]
[Date "2019.01.01"]
[Round "9"]
[White "Mikhail_Golubev"]
[Black "PulpanJ"]
[Result "1-0"]
[WhiteElo "2527"]
[BlackElo "2601"]
[TimeControl "180+2"]
[EndTime "15:09:04 PST"]
[Termination "Mikhail_Golubev won by resignation"]

1. e4 c6 2. d4 d5 3. Nc3 dxe4 4. Nxe4 Nf6 5. Nxf6+ exf6 6. Bf4 Bd6 7. Qd2 O-O 8.
O-O-O Be6 9. a3 Bxf4 10. Qxf4 Qd5 11. c4 Qa5 12. Bd3 Nd7 13. Qd2 Qc7 14. Ne2 Nb6 15. Qc2 h6 16. h3 Rfe8 17. Rhe1 Qh2 18. Rg1 Rad8 19. Ng3 f5 20. d5 cxd5 21. c5 f4 22. Rh1 Qxg2 23. Nh5 Qg5 24. Nxg7 Bxh3 25. Nxe8 Rxe8 26.
cxb6 axb6 27. Rdg1 Bg2 28. f3 Bxh1 29. Rxg5+ hxg5 30. Qf2 Re3 31. Be2 d4 32. Qf1 d3 33.
Bd1 g4 34. Qxh1 g3 35. Qh4 Kf8 36. Qxf4 Re6 37. Qxg3 Rc6+ 38. Kd2 Rc2+ 39. Bxc2 Ke7 40. Bxd3 Ke6 41. Qg4+ 1-0

[Event "*** Titled Tuesday Blitz"]
[Site "Chess.com"]
[Date "2019.01.01"]
[Round "9"]
[White "MatyChess1"]
[Black "RajdeepS"]
[Result "1-0"]
[WhiteElo "2503"]
[BlackElo "2486"]
[TimeControl "180+2"]
[EndTime "15:09:04 PST"]
[Termination "MatyChess1 won by resignation"]

1. e4 c5 2. Nf3 d6 3. d4 cxd4 4. Qxd4 a6 5. Be3 Nc6 6. Qb6 Qxb6 7. Bxb6 Nf6 8. Nc3 e6 9. O-O-O Nd7 10. Be3 b5 11. a3 Bb7 12. Be2 Be7 13. Nd4 O-O-O 14.
f4 Nc5 15. Bf3 Kc7 16. Rd2 Bf6 17. Ndxb5+ axb5 18.
Nxb5+ Kb8 19. Nxd6 Na4 20. e5 Be7 21. Nxf7 Rxd2 22.
Bxd2 Rf8 23. Nd6 Nb6 24. Nxb7 Kxb7 25. Be4 g6 26. g3 Kc7 27. Rd1 Nc4 28. Bc3 Rb8 29.
a4 Bb4 30. Bxb4 Rxb4 31. Bxc6 Kxc6 32. b3 Ne3 33. Rd6+ Kc5 34. Rxe6 Rd4 35. Re7 Rd1+ 36. Kb2 Rd2 37. Rc7+ Kb6 38. Rc8 Rxh2 39. e6 Nd5 40. a5+ Kb7 41. Rd8 Kc6 42. a6 Re2 43. a7 Nb6 44.
Rb8 Rxe6 45. Rxb6+ Kxb6 46. a8=Q Re3 47. Qb8+ Kc6 48.
Qa8+ Kd6 49. Qa6+ Kd5 50. Qb7+ Kd4 51. Qxh7 Rxg3 52. f5 gxf5 53. Qxf5 Re3 54. Qf4+ Re4 55. Qd6+ Ke3 56. c4 Rd4 57. Qe5+ Kd3 58. Qg3+ Kd2 59.
Qc3+ 1-0

[Event "*** Titled Tuesday Blitz"]
[Site "Chess.com"]
[Date "2019.01.01"]
[Round "9"]
[White "Makalexa"]
[Black "Andrew-FB00"]
[Result "1-0"]
[WhiteElo "2140"]
[BlackElo "1811"]
[TimeControl "180+2"]
[EndTime "15:09:08 PST"]
[Termination "Makalexa won on time"]

1. e4 e5 2. Nf3 Nc6 3. Bc4 Bc5 4. O-O d6 5. d3 Nf6 6. b4 Bxb4 7. c3 Ba5 8. d4 Bg4 9. d5 Ne7 10. h3 Bxf3 11. Qxf3 O-O 12. h4 Qd7 13. Bg5 Ng6 14.
Bxf6 gxf6 15. Qxf6 b5 16. h5 h6 17. hxg6 bxc4 18. g7 Rfe8 19. Qxh6 f5 20. Qh8+ Kf7 21.
Qh7 Rg8 22. exf5 Rxg7 23. Qh5+ Kf6 24. Qh4+ Kf7 25. Qh5+ Kf6 26. Qh6+ Kxf5 27. Nd2 Rag8 28. Qh3+ Kg6 29. Qxd7 Rxd7 30. Nxc4 Bxc3 31. Rac1 Bd4 32.
Na5 Kf6 33. Nc6 Rdg7 34. Nxd4 Rxg2+ 35. Kh1 exd4 36. Rxc7 R2g5 37. Rh7 Rxd5 38. Rd1 Rg6 39. Rd3 a5 40. Rh4 Ke5 41. f3 1-0

[Event "*** Titled Tuesday Blitz"]
[Site "Chess.com"]
[Date "2019.01.01"]
[Round "9"]
[White "GadimbayliA"]
[Black "G_Threepwood"]
[Result "1/2-1/2"]
[WhiteElo "2777"]
[BlackElo "2531"]
[TimeControl "180+2"]
[EndTime "15:09:09 PST"]
[Termination "Game drawn - insufficient material"]

1. e4 g6 2. d4 Bg7 3. Nc3 d6 4.
Bg5 a6 5. Qd2 b5 6. O-O-O Nd7 7.
f3 Bb7 8. h4 h6 9. Be3 Rc8 10. g4 c5 11. Nge2 Qa5 12. Kb1 b4 13. Nd5 Bxd5 14. exd5 c4 15. Nc1 Ngf6 16. a3 c3 17. Nb3 Qc7 18. bxc3 Nxd5 19. cxb4 Nxe3 20. Bxa6 Ra8 21. Qxe3 Rxa6 22. h5 Nb6 23. hxg6 Nc4 24.
gxf7+ Kf8 25. Qd3 Nxa3+ 26. Kb2 Nc4+ 27. Kc1 d5 28. Qf5 e6 29. Qd3 Qa7 30. Qc3 Ra2 31.
Na5 Kxf7 32. Nxc4 dxc4 33. Qxc4 Qa3+ 34. Kd2 Qa7 35. Ke2 Rd8 36. d5 exd5 37. Rxd5 Rxc2+ 38. Qxc2 Rxd5 39. Rd1 Rxd1 40. Qxd1 Qd4 41. Qxd4 Bxd4 42. f4 Kg6 43. Kf3 Bc3 44. b5 Ba5 45. Ke4 Bc7 46.
f5+ Kf6 47. Kd5 h5 48. gxh5 Kxf5 49. Kc6 Bf4 50. b6 Kg5 51. b7 Kxh5 52. b8=Q Bxb8 1/2-1/2

[Event "*** Titled Tuesday Blitz"]
[Site "Chess.com"]
[Date "2019.01.01"]
[Round "9"]
[White "KenanGarayev"]
[Black "Matibar"]
[Result "1-0"]
[WhiteElo "2863"]
[BlackElo "2795"]
[TimeControl "180+2"]
[EndTime "15:09:11 PST"]
[Termination "KenanGarayev won by resignation"]

1. d4 d5 2. c4 e6 3. Nf3 a6 4. e3 Nf6 5. Nc3 dxc4 6. Bxc4 b5 7. Bd3 c5 8. dxc5 Bxc5 9. O-O Bb7 10. Qe2 Nbd7 11. e4 e5 12. Bg5 h6 13. Bxf6 Qxf6 14. a4 b4 15. Nd5 Bxd5 16. exd5 O-O 17. Nd2 Bd4 18. Ne4 Qd8 19. Bxa6 f5 20. Nd2 Nc5 21. Bb5 Bxb2 22. Rab1 Bc3 23. Nc4 e4 24. Rfd1 Nxa4 25. d6 Nb6 26. d7 Nxc4 27. Qxc4+ Kh8 28. Rd6 Qg5 29. Qc5 Rad8 30. Re6 f4 31. Qxg5 hxg5 32. Rxe4 Kh7 33. Re8 Kg6 34. Kf1 Kf7 35. Ke2 Rb8 36. Kf3 Kf6 37. Kg4 Rd8 38. Rd1 Kf7 39. Kxg5 Bf6+ 40. Kxf4 g6 41. g3 Kg7 42. Kg4 b3 43. h4 b2 44. Bc6 Rb8 45. Rb1 Rb6 46. f4 Rxc6 47. Rxb2 Rd6 48. Rbb8 Rf7 49. d8=Q Bxd8 50.
Rbxd8 Rxd8 51. Rxd8 Rf5 52. Rd7+ Kf6 53. Kf3 Ra5 54.
Rd3 Ra1 55. Kg4 Ra5 56. Rd6+ Kf7 57. Rd7+ Kf6 58. Rh7 1-0

[Event "*** Titled Tuesday Blitz"]
[Site "Chess.com"]
[Date "2019.01.01"]
[Round "9"]
[White "biostatistician"]
[Black "maziarbagheri"]
[Result "1/2-1/2"]
[WhiteElo "2453"]
[BlackElo "2368"]
[TimeControl "180+2"]
[EndTime "15:09:13 PST"]
[Termination "Game drawn - insufficient material"]

1. d4 d5 2. Nf3 c6 3. c4 Nf6 4. cxd5 cxd5 5. Nc3 Nc6 6. Bf4 Bf5 7. e3 e6 8. Qb3 Qb6 9. Qxb6 axb6 10. Bb5 Rc8 11. Ne5 Nd7 12. Nxc6 bxc6 13. Ba6 Ra8 14. Bb7 Ra7 15. Bxc6 Bb4 16. Ke2 Bxc3 17. bxc3 Ra3 18.
Rhc1 Ke7 19. f3 Rc8 20. Bb7 Rcxc3 21. Rxc3 Rxc3 22. e4 dxe4 23. fxe4 Bg4+ 24. Kd2 Ra3 25. Bc6 f6 26. Bb5 e5 27. Be3 exd4 28. Bxd4 Nc5 29.
Bxc5+ bxc5 30. Bc4 Be6 31. Bxe6 Kxe6 32. Kc2 Ke5 33. Kb2 Re3 34. a4 Rxe4 35. a5 Rb4+ 36. Kc3 Kd5 37. a6 Rb8 38. a7 Ra8 39. Ra6 f5 40. h4 g6 41. g3 Ke4 42. Kc4 Kf3 43.
Ra3+ Kg4 44. Kxc5 h6 45. Kb6 g5 46. hxg5 hxg5 47. Kb7 Rxa7+ 48. Kxa7 f4 49. gxf4 gxf4 50. Kb6 f3 51. Kc5 f2 52. Ra1 Kf3 53. Kd4 Kg2 54. Ke3 f1=Q 55. Rxf1 Kxf1 1/2-1/2

[Event "*** Titled Tuesday Blitz"]
[Site "Chess.com"]
[Date "2019.01.01"]
[Round "9"]
[White "Rakhmanov_Aleksandr"]
[Black "Alexey_Potapov"]
[Result "1/2-1/2"]
[WhiteElo "2825"]
[BlackElo "2479"]
[TimeControl "180+2"]
[EndTime "15:09:14 PST"]
[Termination "Game drawn by repetition"]

1. c4 Nf6 2. Nc3 d6 3. g3 g6 4. Bg2 Bg7 5. d3 O-O 6. e3 c5 7. Nge2 Nc6 8. O-O Bd7 9. h3 Rb8 10. b3 a6 11. Bb2 b5 12. Qd2 b4 13. Nd5 Nxd5 14. cxd5 Bxb2 15. Qxb2 Na7 16. f4 Nb5 17.
Kh2 a5 18. g4 e6 19. dxe6 fxe6 20. Rac1 Qe7 21. Ng3 Nc3 22. Ne4 Nxe4 23. Bxe4 a4 24.
d4 Bb5 25. Rf2 d5 26. Bg2 c4 27. bxc4 Bxc4 28. e4 a3 29. Qd2 b3 30. axb3 Rxb3 31. exd5 exd5 32. Re1 Qa7 33. f5 Rb2 34. Qe3 Rxf2 35.
Qxf2 a2 36. Ra1 Qb8+ 37. Qg3 Qxg3+ 38. Kxg3 Rb8 39. Bf1 Rb1 40. Bxc4 Rxa1 41. Bxd5+ Kg7 42.
Kh4 Kf6 43. fxg6 hxg6 44. g5+ Kf5 45. Bf7 Ke4 46. Bxg6+ Kxd4 47. Bf7 Ke5 48. Kh5 Kf5 49. h4 Ke5 50. Bb3 Kf5 51. Bc4 Ke5 52. Bb3 Kf5 53.
Bc4 Ke5 54. Bb3 Kf5 55. Bc4 1/2-1/2

[Event "*** Titled Tuesday Blitz"]
[Site "Chess.com"]
[Date "2019.01.01"]
[Round "9"]
[White "Manukyan_Artak"]
[Black "mersad_98"]
[Result "1-0"]
[WhiteElo "2400"]
[BlackElo "2629"]
[TimeControl "180+2"]
[EndTime "15:09:14 PST"]
[Termination "Manukyan_Artak won by resignation"]

1. e4 e5 2. Nf3 Nf6 3. Nxe5 d6 4. Nf3 Nxe4 5. Nc3 Nxc3 6. dxc3 Be7 7. Be3 O-O 8. Qd2 Nd7 9. O-O-O Nf6 10. Bd3 c5 11. h4 Be6 12. a3 Qa5 13. Ng5 b5 14.
Nxe6 fxe6 15. g4 c4 16. Be2 Ne4 17. Qd4 d5 18. Qe5 Bxa3 19. Rxd5 exd5 20. Qxd5+ Kh8 21. Qxe4 Qxc3 22. bxa3 Qa1+ 23. Kd2 Rad8+ 24. Bd3 Rxd3+ 25. cxd3 c3+ 26. Ke2 Qxa3 27. Rc1 b4 28. Kf1 Qb2 29. Qd4 a5 30. h5 Qb3 31. h6 Qf7 32. Ra1 Kg8 33.
Qxg7+ Qxg7 34. hxg7 Rb8 35. Bd4 c2 36. Bb2 Rc8 37.
Ke2 b3 38. Kd2 Rc5 39. d4 Rg5 40. f3 Kxg7 41. d5+ Kf7 42. Rxa5 Ke7 43. d6+ Kxd6 44.
Rxg5 1-0

[Event "*** Titled Tuesday Blitz"]
[Site "Chess.com"]
[Date "2019.01.01"]
[Round "9"]
[White "VNeimer"]
[Black "Pakarma"]
[Result "1-0"]
[WhiteElo "2420"]
[BlackElo "2437"]
[TimeControl "180+2"]
[EndTime "15:09:17 PST"]
[Termination "VNeimer won by checkmate"]

1. Nf3 d6 2. d4 Nf6 3. g3 Nbd7 4.
Bg2 e5 5. c4 Be7 6. Nc3 O-O 7.
O-O c6 8. b3 Qc7 9. Bb2 a6 10.
Rc1 Re8 11. e4 Bf8 12. Re1 a5 13. h3 exd4 14. Nxd4 Ne5 15. f4 Ng6 16. g4 Nd7 17.
Qf3 Nc5 18. Rcd1 Bd7 19. Nf5 Rad8 20. Qg3 Bc8 21. h4 Ne7 22. h5 Nxf5 23. gxf5 f6 24. Bf3 h6 25. Rd2 Kh8 26. Nd1 Qf7 27. Nf2 d5 28. cxd5 cxd5 29. Red1 dxe4 30. Rxd8 exf3 31.
Qxf3 Bxf5 32. Qd5 Be6 33. Qf3 Bf5 34. Ba3 Kh7 35. Rxe8 Qxe8 36. Qd5 Be6 37. Qd8 Qf7 38.
Qxa5 Qxh5 39. Qd8 Qf7 40. Qb6 Nd7 41. Qa5 Bxa3 42. Qxa3 Qg6+ 43. Kf1 Bf5 44. Qb4 b6 45.
Qb5 Qh5 46. Rd5 Bh3+ 47. Ke1 Qh4 48. Qd3+ Kh8 49. Qxh3 Qxf4 50. Rxd7 Qe5+ 51. Kf1 Qa1+ 52. Kg2 Qe5 53. Qg3 Qe8 54. Qxg7# 1-0

[Event "*** Titled Tuesday Blitz"]
[Site "Chess.com"]
[Date "2019.01.01"]
[Round "9"]
[White "Anar_Aliakbarov"]
[Black "TwentyHourADay"]
[Result "1-0"]
[WhiteElo "2456"]
[BlackElo "2270"]
[TimeControl "180+2"]
[EndTime "15:09:19 PST"]
[Termination "Anar_Aliakbarov won by resignation"]

1. d4 Nf6 2. c4 g6 3. Nc3 Bg7 4. e4 O-O 5. Nf3 d6 6. Be2 Nbd7 7. O-O e5 8. Be3 c6 9. d5 c5 10. Ne1 Ne8 11. g4 f5 12. exf5 gxf5 13. gxf5 Rxf5 14. Bd3 Rf8 15. Kh1 Nef6 16. Rg1 Kh8 17. Nf3 e4 18. Nxe4 Nxe4 19. Bxe4 Ne5 20. Nxe5 Bxe5 21. Qh5 Qe7 22. Bg5 Qf7 23. Qxf7 Rxf7 24. f4 Bd4 25. Rg2 Bh3 26. Rg3 Bd7 27. Rf1 Re8 28. Bf3 b5 29. Bh5 Ref8 30. Bxf7 Rxf7 31. Re1 bxc4 32. Re2 h6 33. Bxh6 Kh7 34. Bg5 Bc8 35. Re7 Rxe7 36. Bxe7 Bf5 37. h4 Bxb2 38. Bxd6 Be4+ 39. Kh2 Bxd5 40.
Rg5 Be4 41. Rxc5 Bd3 42. Rc7+ Kg6 43. Rxa7 Kf5 44. Rc7 Kg4 45. a4 Kxh4 46. a5 Bd4 47. a6 c3 48. a7 Be4 49. Be5 Bf2 50. Bxc3 Bg3+ 51. Kg1 Bxf4 52. Rc4 Be3+ 53. Kf1 Bxa7 54.
Rxe4+ Kg3 1-0

[Event "*** Titled Tuesday Blitz"]
[Site "Chess.com"]
[Date "2019.01.01"]
[Round "9"]
[White "nihalsarin"]
[Black "BartoszSocko"]
[Result "1-0"]
[WhiteElo "2946"]
[BlackElo "2671"]
[TimeControl "180+2"]
[EndTime "15:09:22 PST"]
[Termination "nihalsarin won by resignation"]

1. d4 Nf6 2. Bg5 e6 3. e4 h6 4. Bxf6 Qxf6 5. c3 d5 6. Nd2 Qd8 7. Ngf3 c5 8. Bd3 cxd4 9. Nxd4 Nc6 10. N4f3 Be7 11. Qe2 d4 12. e5 dxc3 13. bxc3 O-O 14. O-O Qc7 15. h4 h5 16. Rad1 Rd8 17. Nc4 b6 18. Qe4 g6 19. Ng5 Bxg5 20. hxg5 Bb7 21. Nd6 Na5 22. Qf4 Qe7 23. c4 Bc6 24.
Rfe1 Nb7 25. Be4 Bxe4 26. Nxe4 Rac8 27. g4 h4 28. Kg2 Kg7 29. Nd6 Rc7 30. Qf6+ Qxf6 31.
gxf6+ Kg8 32. Nxb7 Rxd1 33. Rxd1 Rxb7 34. Rd8+ Kh7 35.
g5 Rc7 36. Rf8 a5 37. Kh3 a4 38. f4 a3 39. Kxh4 Rxc4 40. Rxf7+ Kh8 41. Kg4 Rc2 42. Ra7 Kg8 43. Rxa3 b5 44. Ra8+ Kf7 45. Ra7+ Kf8 46. Rg7 Rg2+ 47. Kf3 Rxa2 48. Rxg6 Ra3+ 49. Kg4 b4 50. Rg7 b3 51. Rb7 1-0

[Event "*** Titled Tuesday Blitz"]
[Site "Chess.com"]
[Date "2019.01.01"]
[Round "9"]
[White "juniortay"]
[Black "Chessialist"]
[Result "1-0"]
[WhiteElo "2423"]
[BlackElo "2528"]
[TimeControl "180+2"]
[EndTime "15:09:22 PST"]
[Termination "juniortay won by checkmate"]

1. e4 c5 2. Nc3 Nc6 3. f4 e6 4. Nf3 g6 5. Bc4 Bg7 6. f5 Nge7 7. fxe6 dxe6 8. O-O O-O 9. d3 Nd4 10. Kh1 Nec6 11. Bb3 b5 12. Bg5 Qc7 13. Qe1 Bb7 14.
Qh4 a5 15. a4 Nxb3 16. cxb3 b4 17. Nd1 Ba6 18. Nf2 f6 19. Be3 Nb8 20. Rac1 Nd7 21.
Rfd1 Rac8 22. d4 Be2 23. Rd2 Bxf3 24. gxf3 Rfd8 25. dxc5 Ne5 26. Rxd8+ Rxd8 27. Qg3 Qc6 28. Bf4 Nd3 29. Nxd3 Rxd3 30. Bd6 f5 31. Qg5 Qc8 32. Qe7 Bxb2 33. Rc2 Bc3 34. c6 h5 35. c7 Rd1+ 36. Kg2 Qa6 37. Qf8+ Kh7 38. Qf7+ Bg7 39. Rf2 Qxd6 40.
c8=Q Rd2 41. Qcg8+ Kh6 42. Qgxg7+ Kg5 43. Qgxg6+ Kf4 44. Qh6+ Ke5 45. Qfg7# 1-0

[Event "*** Titled Tuesday Blitz"]
[Site "Chess.com"]
[Date "2019.01.01"]
[Round "9"]
[White "Kacparov"]
[Black "Zhuu96"]
[Result "1-0"]
[WhiteElo "2801"]
[BlackElo "2856"]
[TimeControl "180+2"]
[EndTime "15:09:26 PST"]
[Termination "Kacparov won by checkmate"]

1. e4 c5 2. Nf3 d6 3. d4 cxd4 4. Nxd4 Nf6 5. f3 a6 6. c4 e6 7. Nc3 Be7 8. Be3 O-O 9. Qd2 b6 10. Be2 Bb7 11. O-O Nbd7 12. Rac1 Rc8 13. Rfd1 Rc7 14. b3 Qa8 15. Bf1 Rfc8 16. Kh1 h5 17.
Qf2 Nc5 18. Qg3 h4 19. Qf2 Nh5 20. Nce2 h3 21. g4 Nf6 22. Ng3 d5 23. cxd5 exd5 24. e5 Nfd7 25. b4 Ne6 26. Rxc7 Rxc7 27. f4 Bxb4 28.
Bxh3 Bc3 29. Nge2 Bb2 30. g5 Ndc5 31. g6 Nxd4 32. Nxd4 Bxd4 33. Bxd4 fxg6 34. e6 Qe8 35. Qe3 Ne4 36. Rg1 Rc4 37. f5 Qa4 38. e7 Kf7 39. f6 Rxd4 40. fxg7 Kxg7 41. e8=Q Qxe8 42. Qxd4+ Kh7 43. Rf1 Bc6 44. Bg2 Bb5 45. Rc1 Qe7 46. Qxb6 Qg5 47. Qc7+ Kh6 48. Qc8 Qe5 49. Qh3+ Kg5 50.
Qf3 Qd4 51. h4+ Kxh4 52. Qf4+ Kh5 53. Bf3# 1-0

[Event "*** Titled Tuesday Blitz"]
[Site "Chess.com"]
[Date "2019.01.01"]
[Round "9"]
[White "MFBerna"]
[Black "VeraNebolsina"]
[Result "0-1"]
[WhiteElo "2341"]
[BlackElo "2386"]
[TimeControl "180+2"]
[EndTime "15:09:28 PST"]
[Termination "VeraNebolsina won by resignation"]

1. e4 c5 2. Nf3 d6 3. d4 cxd4 4.
Qxd4 Nc6 5. Bb5 Bd7 6. Bxc6 Bxc6 7. Nc3 h6 8. O-O e5 9. Qd3 Nf6 10. a4 Be7 11. b3 O-O 12. Ba3 Qc7 13. Rfd1 Rfd8 14.
Nd2 d5 15. Bxe7 Qxe7 16. exd5 Nxd5 17. Nxd5 Rxd5 18. Qe2 Rad8 19. Nc4 Qg5 20. f3 b5 21. axb5 Bxb5 22. Rxd5 Rxd5 23. Qe3 Bxc4 24. Qxg5 hxg5 25.
bxc4 Rd4 26. Rxa7 Rxc4 27. Ra2 g4 28. fxg4 Rxg4 29. Kf2 Rc4 30. Ke2 f5 31. Kd3 Rd4+ 32. Ke2 Kf7 33. c3 Rc4 34. Kd3 Rc6 35. c4 Ke6 36. h4 f4 37. Ra7 g6 38. Ra5 Kf5 39.
Rd5 Ra6 40. c5 Ra3+ 41. Ke2 Ke4 42. Rd6 Ra2+ 43. Kf1 Ke3 44. Kg1 Rc2 45. c6 e4 46.
Rxg6 Rc1+ 47. Kh2 f3 48. gxf3 exf3 49. Re6+ Kf4 50. h5 f2 51. Rf6+ Ke3 52. Re6+ Kd4 53.
Rf6 f1=Q 54. Rxf1 Rxf1 55. Kg3 Ke5 56. Kg4 Rg1+ 57. Kh4 Kf6 0-1

[Event "*** Titled Tuesday Blitz"]
[Site "Chess.com"]
[Date "2019.01.01"]
[Round "9"]
[White "ama18"]
[Black "Jospem"]
[Result "0-1"]
[WhiteElo "2469"]
[BlackElo "2794"]
[TimeControl "180+2"]
[EndTime "15:09:28 PST"]
[Termination "Jospem won by resignation"]

1. e4 c5 2. Nf3 d6 3. d4 cxd4 4. Nxd4 Nf6 5. Nc3 a6 6. Be2 e5 7. Nf3 Be7 8. Bg5 Be6 9. Bxf6 Bxf6 10. O-O Nd7 11. Nd5 Rc8 12. c3 O-O 13. Qd2 g6 14. Nxf6+ Nxf6 15. Qe3 Qc7 16. Rfd1 Rfd8 17. h3 Kg7 18.
Rd2 d5 19. exd5 Nxd5 20. Qxe5+ Qxe5 21. Nxe5 Nxc3 22. Rxd8 Nxe2+ 23. Kf1 Rxd8 24. Kxe2 Re8 25. Nf3 Bxh3+ 26. Kf1 Be6 27. b3 Rd8 28. Ke2 Bg4 29.
Rc1 Rd7 30. Rc2 h6 31. Ke3 Re7+ 32. Kf4 Bf5 33. Rd2 Re4+ 34. Kg3 Rg4+ 35. Kh2 Be4 36. Ne1 Bc6 37. f3 Rg5 38. Nc2 Rd5 39. Re2 a5 40. Kg3 h5 41. Na3 Rd4 42. Rc2 a4 43. Nc4 axb3 44.
axb3 Bd5 45. Kf2 Be6 46. Ke3 Rd5 47. Nd2 Rg5 48. Ne4 Rb5 49. Nd2 Bxb3 50. Rc7 Bd5 51. Kd4 Rb2 52. Nf1 Bc6 53. Ne3 Rd2+ 54. Kc3 Re2 55. Kd4 h4 56. Kd3 Rxg2 57. Nxg2 h3 58. Nf4 h2 59. Ne6+ Kf6 60. Nd8 g5 61. Rxf7+ Kg6 62.
f4 gxf4 63. Rxf4 h1=Q 64. Rg4+ Kf5 0-1

[Event "*** Titled Tuesday Blitz"]
[Site "Chess.com"]
[Date "2019.01.01"]
[Round "9"]
[White "Winehouse83"]
[Black "Fluffey"]
[Result "0-1"]
[WhiteElo "2397"]
[BlackElo "2463"]
[TimeControl "180+2"]
[EndTime "15:09:28 PST"]
[Termination "Fluffey won by resignation"]

1. d4 Nf6 2. c4 e6 3. Nf3 c5 4. d5 b5 5. Qc2 b4 6. e4 d6 7. a3 Be7 8. g3 O-O 9. Bg2 exd5 10. exd5 Nbd7 11. h3 Re8 12. O-O a5 13. a4 Bf8 14.
b3 Ne5 15. Nxe5 Rxe5 16. Bb2 Bf5 17. Qd1 Re8 18. Nd2 Qd7 19. Bxf6 gxf6 20. Kh2 Bd3 21. Re1 Rxe1 22. Qxe1 Re8 23. Qd1 Qf5 24. Nf3 Bc2 25. Qd2 Bxb3 26. Nh4 Qe5 27. Rc1 Bxa4 28. Nf3 Qe2 29. Qf4 Qxf2 30. Rf1 Qe3 31. Qxf6 Be7 32. Qf5 b3 33. Re1 Qh6 34. h4 Qg6 35. Qf4 b2 36.
Nd2 Bc2 37. Be4 Bxe4 38. Nxe4 Kf8 39. h5 Qg7 40. Kg2 h6 41. Rf1 a4 42. g4 a3 43. g5 a2 44. g6 a1=Q 45. Qxf7+ Qxf7 46. Rxf7+ Kg8 47. Rh7 b1=Q 0-1

[Event "*** Titled Tuesday Blitz"]
[Site "Chess.com"]
[Date "2019.01.01"]
[Round "9"]
[White "WinnerOleg"]
[Black "Maili15"]
[Result "1/2-1/2"]
[WhiteElo "2369"]
[BlackElo "2301"]
[TimeControl "180+2"]
[EndTime "15:09:31 PST"]
[Termination "Game drawn - insufficient material"]

1. d4 d5 2. c4 e6 3. Nc3 Nf6 4. cxd5 exd5 5. Bg5 Be7 6. Qc2 Nbd7 7. e3 O-O 8. Bd3 c6 9. Nge2 Re8 10. O-O Nf8 11.
Bf4 Bg4 12. f3 Bh5 13. g4 Bg6 14. Rae1 c5 15. Bg3 cxd4 16. Nxd4 Bxd3 17. Qxd3 Ng6 18. Nf5 Bc5 19. Kg2 Ne5 20. Bxe5 Rxe5 21. f4 Re8 22. g5 Ne4 23. Qxd5 Nxc3 24. Qxd8 Raxd8 25. bxc3 Rd3 26. Kf3 Rxc3 27. Rc1 Rxc1 28. Rxc1 Bb6 29. e4 Rd8 30. e5 g6 31. Nd6 Rb8 32. Ke4 Kf8 33.
Kd5 Ke7 34. a4 h6 35. gxh6 Rh8 36. Nxb7 Rxh6 37. a5 Be3 38. Rc7+ Kf8 39. Nd6 Rxh2 40. Rxf7+ Kg8 41. Ke6 Rf2 42. f5 gxf5 43. Rxf5 Ra2 44. Ke7 Rxa5 45. Nc4 Bc5+ 46. Kd7 Ra4 47. Nd6 Rd4 48.
Kc6 Bb4 49. Nb5 Re4 50. Nxa7 Bc3 51. Kd6 Rxe5 52. Rxe5 Bxe5+ 53. Kxe5 1/2-1/2

[Event "*** Titled Tuesday Blitz"]
[Site "Chess.com"]
[Date "2019.01.01"]
[Round "9"]
[White "Daniela_Movileanu"]
[Black "JMatias"]
[Result "0-1"]
[WhiteElo "2491"]
[BlackElo "2383"]
[TimeControl "180+2"]
[EndTime "15:09:32 PST"]
[Termination "JMatias won by resignation"]

1. e4 e6 2. d4 d5 3. exd5 exd5 4. Bd3 Nc6 5. Nf3 Nge7 6. Bg5 f6 7. Bf4 Bf5 8. Nc3 Qd7 9. Qe2 Bxd3 10. Qxd3 a6 11.
O-O-O O-O-O 12. Rhe1 Qf5 13. Qd2 Ng6 14. Bg3 Bb4 15.
a3 Ba5 16. b4 Bb6 17. h4 h5 18.
Na4 Ba7 19. Kb2 Rde8 20. Nc5 Bxc5 21. bxc5 Re4 22. Rxe4 dxe4 23. Ne1 Rd8 24. c3 Nce5 25. Qe2 Nc6 26. Nc2 Na5 27. Ne3 Qd7 28. Qc2 f5 29.
Bh2 Nxh4 30. f3 exf3 31. gxf3 Nxf3 32. Bg3 g6 33. Rf1 Qc6 34. d5 Qb5+ 35. Ka2 Ng5 36.
Bh4 Ne4 37. Bxd8 Qxc5 38. Nd1 Qc4+ 39. Ka1 Qxf1 40. Bh4 Nc4 41. Ka2 Qf3 42. Be1 g5 43.
Nf2 Nxf2 44. Bxf2 g4 45. Bd4 b5 46. Qc1 Qxd5 47. Ka1 Nd6 48. Qh6 Qf7 49. Qh8+ Kb7 50. Qe5 f4 51. Bc5 f3 52. Bxd6 f2 53. Qe4+ c6 54.
Bh2 f1=Q+ 0-1

[Event "*** Titled Tuesday Blitz"]
[Site "Chess.com"]
[Date "2019.01.01"]
[Round "9"]
[White "StephenDedalus83"]
[Black "TheBigBoss04"]
[Result "1-0"]
[WhiteElo "2709"]
[BlackElo "2520"]
[TimeControl "180+2"]
[EndTime "15:09:35 PST"]
[Termination "StephenDedalus83 won by resignation"]

1. e4 c5 2. Nf3 d6 3. d4 cxd4 4. Nxd4 Nf6 5. Nc3 a6 6. h3 e6 7. g4 h6 8. Bg2 g5 9. Qe2 Nbd7 10. Be3 Ne5 11. f4 gxf4 12. Bxf4 Nfd7 13. O-O-O Qc7 14. Rhf1 b5 15. Qf2 Bb7 16. Bxe5 Nxe5 17. Qf6 Rh7 18. Nxe6 Qe7 19. Qxe7+ Kxe7 20. Nc7 Rc8 21.
N7d5+ Kd8 22. Nf6 Rg7 23. Ncd5 Be7 24. Kb1 Rg5 25. Rf2 Rg6 26. Nh5 Bxd5 27. exd5 Bh4 28. Rff1 Ke7 29. Be4 Rgg8 30. c3 Rb8 31. Rc1 Nc4 32.
Rfd1 b4 33. Bd3 Ne5 34. Bxa6 bxc3 35. Rxc3 Rgd8 36. Ng3 Bxg3 37. Rxg3 Rb6 38. Be2 Rdb8 39. b3 Rb4 40. Kb2 Re4 41. Rd2 Kf6 42. Rc3 Kg7 43. Kc2 Rb7 44. a4 Ra7 45. Bb5 Rf4 46. Kb2 Rf1 47. Rdc2 Rf4 48. Rc7 Ra8 49. Ka3 Rd4 50. Rc8 Ra7 51. R2c7 Ra5 52. b4 Rxb5 53.
axb5 Rd1 54. b6 Ra1+ 55. Kb2 Ra6 56. b7 Rb6 57. b8=Q 1-0